 Dungeon Crawl Stone Soup version 0.31-a0-246-g8cbcc1cb85 (webtiles) character file.

Game seed: 1640886192550359520

148 qw the Shooter (level 5, -2/30 HPs)
             Began as a Gargoyle Hexslinger on July 12, 2023.
             Killed from afar by a steam dragon (14 damage)
             ... with a ball of steam
             ... on level 4 of the Dungeon.
             The game lasted 00:00:59 (2677 turns).

qw the Shooter (Gargoyle Hexslinger)                Turns: 2677, Time: 00:00:59

Health: -2/30      AC:  9    Str: 11    XL:     5   Next: 30%
Magic:  6/6        EV: 10    Int: 14    God:
Gold:   87         SH:  0    Dex: 14    Spells: 5/6 levels left

rFire   . . .        Y - +1 sling
rCold   . . .        (no shield)
rNeg    + . .        g - +0 ring mail
rPois   inf          (no helmet)
rElec   +            (no cloak)
rCorr   .            (no gloves)
SInv    +            (no boots)
Will    .....        (no amulet)
Stlth   +            l - ring of see invisible
HPRegen 0.25/turn    (no ring)
MPRegen 0.10/turn

%: no passive effects
@: no status effects
A: sickness immunity, AC +4, negative energy resistance 1, electricity
resistance, torment resistance 1, petrification resistance
a: no special abilities


You were on level 4 of the Dungeon.
You visited 1 branch of the dungeon, and saw 4 of its levels.

You collected 87 gold pieces.


Innate Abilities, Weirdness & Mutations

You are immune to sickness and miasma.
Your stone body is resilient. (AC +4)
You are immune to poison.
You resist negative energy. (rN+)
You are resistant to electric shocks. (rElec)
You are resistant to unholy torment.
You are immune to petrification.


   Skills:
 - Level 2.0 Fighting
 + Level 4.7 Ranged Weapons
 - Level 1.7 Armour
 - Level 1.5 Dodging
 - Level 1.0 Spellcasting
 - Level 2.6 Hexes


You had 5 spell levels left.
You knew the following spells:

 Your Spells              Type           Power      Damage    Failure   Level
a - Slow                  Hex            32%        N/A       21%         1

Your spell library contained the following spells:

 Spells                   Type           Power      Damage    Failure   Level
 Inner Flame              Hex/Fire       4%         N/A       71%         3
 Portal Projectile        Hex/Tloc       8%         N/A       71%         3
 Cause Fear               Hex            4%         N/A       90%         4

Inventory:

Hand Weapons
 Y - a +1 sling (weapon)
Armour
 g - a +0 ring mail (worn)
Jewellery
 l - a ring of see invisible (left hand)
Potions
 a - a potion of lignification {unknown}
 c - a potion of attraction {unknown}
 d - a potion of ambrosia {unknown}
 f - 2 potions of haste
 h - a potion of curing
 i - a potion of berserk rage {unknown}
 j - a potion of brilliance {unknown}

Dungeon Overview and Level Annotations

Branches:
Dungeon (4/15)
 Temple: D:4-7

Altars:
Nemelex Xobeh


Message History

Enter note:
2666 ||| Stepping ~*~*~tactically~*~*~ (cloud).
You start resting.
A steam dragon is nearby!
You shoot a sling bullet.
The sling bullet barely misses the steam dragon.
You shoot a sling bullet.
The sling bullet closely misses the steam dragon.
You shoot a sling bullet.
The sling bullet closely misses the steam dragon.
The steam dragon bites you. The steam dragon claws you.
The steam dragon bites you. The steam dragon barely misses you.
2672 ||| DRINKING potion of heal wounds.
You feel much better. The steam dragon closely misses you.
The steam dragon barely misses you.
You shoot a sling bullet. The sling bullet hits the steam dragon.
The steam dragon is lightly wounded.
A ball python comes into view.
The steam dragon breathes steam at you. The ball of steam hits you!
The ball python moves out of view.
You shoot a sling bullet. The sling bullet hits the steam dragon.
The steam dragon is moderately wounded.
The steam dragon closely misses you. The steam dragon claws you.
You shoot a sling bullet.
The sling bullet hits the steam dragon but does no damage.
The steam dragon is moderately wounded.
The steam dragon bites you but does no damage.
The steam dragon claws you but does no damage.
You shoot a sling bullet.
The sling bullet barely misses the steam dragon.
The sling bullet hits the ball python.
The ball python is moderately wounded.
The steam dragon bites you but does no damage.
The steam dragon claws you but does no damage.
You shoot a sling bullet.
The sling bullet closely misses the steam dragon.
The sling bullet closely misses the ball python.
The steam dragon breathes steam at you. The ball of steam hits you!
You die...

.# #.###.##### .## .###.#
#.# ...## .....# #.#
....# .#######+## ....#
.# ##...## ...D .#
##.....## #.. .#
##.......## ##S##
.###.........####D..##.##
...'.........'..@........
.###.........####...##.##
.# ##.......## ##.## .#
##.....## ... ## ##...##
###. ..?.## # ....# ....#


You could see a steam dragon (catching breath) and a ball python.

Vanquished Creatures
  An iguana (D:4)
  An orc wizard (D:3)
  3 adders
  A worm (D:2)
  A dart slug (D:1)
  5 orcs
  5 ball pythons
  4 bats
  5 endoplasms (D:1)
  A giant cockroach (D:1)
  4 goblins
  6 hobgoblins
  4 jackals (D:2)
  9 kobolds
  2 quokkas
  3 frilled lizards
  4 rats
59 creatures vanquished.

Notes
Turn   | Place    | Note
-------+----------+-------------------------------------------
     0 | D:1      | qw the Gargoyle Hexslinger began the quest for the Orb.
     0 | D:1      | Reached XP level 1. HP: 12/12 MP: 2/2
     0 | D:1      | 0 ||| qw: Version: 0.3-a-52-g30416fa
     0 | D:1      | 0 ||| qw: Game counter: 6266
     0 | D:1      | 0 ||| qw: Melee chars always use a shield: true
     0 | D:1      | 0 ||| qw: God list: Okawaru
     0 | D:1      | 0 ||| qw: Allow faded altars: false
     0 | D:1      | 0 ||| qw: Do Orc after clearing Dungeon:15 true
     0 | D:1      | 0 ||| qw: Do second Lair branch before Depths: true
     0 | D:1      | 0 ||| qw: Lair rune preference: random
     0 | D:1      | 0 ||| qw: Goals: Normal
     0 | D:1      | 0 ||| PLANNING D:1-11
    17 | D:1      | 17 ||| DROPPING scroll of poison.
    63 | D:1      | Reached XP level 2. HP: 16/16 MP: 3/3
   267 | D:1      | Reached skill level 3 in Ranged Weapons
   356 | D:1      | Reached XP level 3. HP: 21/21 MP: 4/4
   778 | D:1      | 778 ||| UPGRADING to +0 ring mail.
   788 | D:1      | 788 ||| DROPPING +0 robe.
   789 | D:1      | 789 ||| READING scroll labelled DYSTRIET NACAM.
   819 | D:2      | 819 ||| STAIRDANCE
   854 | D:2      | 854 ||| STAIRDANCE
  1093 | D:2      | Reached XP level 4. HP: 26/26 MP: 5/5
  1417 | D:2      | Reached skill level 4 in Ranged Weapons
  1654 | D:2      | 1654 ||| READING scroll labelled IFE BADONEPOT.
  1672 | D:2      | 1672 ||| DRINKING 2 viscous orange potions.
  1673 | D:2      | 1673 ||| DRINKING 2 dark potions.
  1725 | D:3      | Found a faded altar of an unknown god.
  1815 | D:3      | Reached skill level 1 in Armour
  1900 | D:3      | Found a sparkling altar of Nemelex Xobeh.
  2360 | D:3      | 2360 ||| UPGRADING to ring of see invisible.
  2361 | D:3      | 2361 ||| READING scroll labelled QISIMI ERCHU.
  2362 | D:3      | 2362 ||| READING scroll labelled ICHYJE MODIKO.
  2363 | D:3      | 2363 ||| DRINKING 3 blue potions.
  2570 | D:4      | Reached XP level 5. HP: 30/30 MP: 6/6
  2665 | D:4      | Noticed a steam dragon
  2666 | D:4      | 2666 ||| Stepping ~*~*~tactically~*~*~ (cloud).
  2671 | D:4      | HP: 7/30 [steam dragon (2)]
  2671 | D:4      | HP: 1/30 [steam dragon (6)]
  2672 | D:4      | 2672 ||| DRINKING potion of heal wounds.
  2677 | D:4      | Killed from afar by a steam dragon

Levels and vault maps discovered:
D:1:      roderic_crop_circles_arrival_small, layout_rooms, serial_aquarium,
          aquarium_bridge_square [aquarium_subvault_wall,
          aquarium_subvault_bridge, aquarium_subvault_wall,
          aquarium_subvault_window], aquarium_bridge_square
          [aquarium_subvault_bridge, aquarium_subvault_wall,
          aquarium_subvault_balcony, aquarium_subvault_bridge],
          aquarium_window_fake, aquarium_window_1, aquarium_window_1,
          aquarium_window_3, aquarium_view_2d, aquarium_view_2e,
          aquarium_balcony_5a, dreamdust_princess_corridor,
          hangedman_decor_clover_reticule, roderic_roman_lattice,
          hangedman_abyss_or_decor_lesser_grid
D:2:      layout_basic, st_stairs_11, minmay_misc_feat_more_columns,
          hangedman_feature_mirror, roderic_serpentine_path
D:3:      layout_loops_ring, nemelex_xobeh_ov_fountains_minmay,
          ebering_ecumenical_altar_box
D:4:      minmay_chambers_of_threes, layout_loops_corners,
          mainiacjoe_overflow_tiny_flanked, minmay_temple_entry_fiery

Skill      XL: |  1  2  3  4 |
---------------+-------------+-----
Ranged Weapons | 3 4 |  4.7
Fighting       | 2 |  2.0
Armour         | 1 |  1.7
Dodging        | |  1.5
Spellcasting   | |  1.0
Hexes          | |  2.6

Action                     |  1- 3 |  4- 6 || total
---------------------------+-------+-------++-------
   Fire: Sling             |   136 |    89 ||   225
    Use: Scroll            |     1 |     3 ||     4
         Potion            |       |     4 ||     4
 Armour: Robe              |    13 |       ||    13
         Ring mail         |    27 |    35 ||    62
  Dodge: Dodged            |    55 |    38 ||    93

Table legend:
 A = Non-vault XP
 B = Vault XP
 C = Vault XP percentage of total XP
 D = Non-vault monster count
 E = Vault monster count
 F = Vault count percentage of total count
                 A         B        C        D         E       F
            +---------+---------+-------+---------+---------+-------
      Total |     204 |       8 |   3.8 |      54 |       5 |   8.5
            +---------+---------+-------+---------+---------+-------
        D:1 |      51 |       2 |   3.8 |      27 |       1 |   3.6
        D:2 |      41 |       6 |  12.8 |      14 |       4 |  22.2
        D:3 |      60 |       0 |   0.0 |       9 |       0 |   0.0
        D:4 |      52 |       0 |   0.0 |       4 |       0 |   0.0
            +---------+---------+-------+---------+---------+-------
